 Dungeon Crawl Stone Soup version 0.30.1-9-gdf580d7c3d (webtiles) character file.

Game seed: 5117508866506118743

36404 adizb the Fencer (level 13, -1/108 HPs)
             Began as a Barachi Monk on Sept 30, 2023.
             Was the Champion of Qazlal.
             Killed from afar by an oklob plant (39 damage)
             ... with a splash of acid
             ... on level 3 of the Lair of Beasts.
             The game lasted 01:07:21 (10789 turns).

adizb the Fencer (Barachi Monk)                    Turns: 10789, Time: 01:07:22

Health: -1/108     AC:  8    Str: 12    XL:     13   Next: 90%
Magic:  13/13      EV: 19    Int: 10    God:    Qazlal [******]
Gold:   905        SH: 23    Dex: 21    Spells: 12/12 levels left

rFire   . . .        x - +5 double sword (distort)
rCold   . . .        E - +0 buckler
rNeg    . . .        P - +2 troll leather armour
rPois   .            q - +0 helmet
rElec   .            (no cloak)
rCorr   .            A - +0 pair of gloves
SInv    .            G - +0 pair of boots
Will    +....        n - amulet of reflection
Stlth   +            u - +4 ring of protection
HPRegen 1.18/turn    (no ring)
MPRegen 0.13/turn

%: repel missiles, reflection, clarity
@: corroded, unable to hop, slow
A: amphibious, slowness 1, strong legs 2, +LOS, talons 1, large bone plates 1,
clarity, strong-willed 1
a: Hop, Renounce Religion, Upheaval, Elemental Force, Disaster Area


You were on level 3 of the Lair of Beasts.
You worshipped Qazlal.
Qazlal was exalted by your worship.
You visited 3 branches of the dungeon, and saw 14 of its levels.

You collected 905 gold pieces.

Inventory:

Hand Weapons
 x - a +5 double sword of distortion (weapon)
 Q - a +3 great sword of freezing
 U - a +2 scimitar of flaming
Missiles
 i - a throwing net
 j - 3 boomerangs
 s - 8 atropa-tipped darts
 t - 45 poisoned darts (quivered)
 M - 12 curare-tipped darts
Armour
 d - an orb of light
 l - a +2 ring mail of positive energy
 q - a +0 helmet (worn)
 A - a +0 pair of gloves (worn)
 E - a +0 buckler (worn)
 G - a +0 pair of boots (worn)
 I - a +3 chain mail
 J - a +0 ring mail of fire resistance
 P - a +2 troll leather armour (worn)
 S - a +1 hat
 T - +0 acid dragon scales
Jewellery
 n - an amulet of reflection (around neck)
 u - a +4 ring of protection (left hand)
 F - a ring of ice
 L - an amulet of the acrobat
Wands
 a - a wand of roots (15)
 z - a wand of light (18)
 B - a wand of paralysis (11)
 N - a wand of mindburst (9)
Scrolls
 e - 2 scrolls of poison
 g - 4 scrolls of amnesia
 m - 6 scrolls of teleportation
 o - 2 scrolls of vulnerability
 v - 3 scrolls of immolation
 y - 2 scrolls of magic mapping
 H - 2 scrolls of butterflies
 O - 3 scrolls of blinking
 W - a scroll of fog
Potions
 b - a potion of magic {unknown}
 c - a potion of ambrosia
 f - 3 potions of might
 h - 13 potions of curing
 k - 4 potions of brilliance {unknown}
 p - 2 potions of heal wounds
 r - 4 potions of mutation
 C - 2 potions of haste {unknown}
 D - a potion of cancellation {unknown}
 K - a potion of lignification {unknown}
 R - a potion of berserk rage
 V - a potion of attraction {unknown}
Miscellaneous
 w - a condenser vane


   Skills:
 + Level 12.2 Fighting
 * Level 16.7 Long Blades
 + Level 11.4 Armour
 + Level 10.9 Dodging
 + Level 4.4 Shields
 + Level 9.5 Evocations


You had 12 spell levels left.
You didn't know any spells.
Your spell library contained the following spells:

 Spells                   Type           Power      Damage    Failure   Level
 Kiss of Death            Conj/Necr      0%         2d5       54%         1
 Sandblast                Erth           0%         2d4       54%         1
 Shock                    Conj/Air       0%         1d3       54%         1
 Poisonous Vapours        Pois/Air       0%         N/A       67%         2
 Confusing Touch          Hex            0%         N/A       88%         3
 Mephitic Cloud           Conj/Pois/Air  0%         N/A       88%         3
 Stone Arrow              Conj/Erth      0%         3d7       88%         3
 Volatile Blastmotes      Fire/Tloc      0%         2d10      88%         3
 Animate Armour           Summ/Erth      0%         N/A       99%         4
 Dispel Undead            Necr           0%         3d6       99%         4
 Fulminant Prism          Conj/Hex       0%         3d5       99%         4
 Iskenderun's Mystic Bla  Conj/Tloc      0%         2d3       99%         4
 Petrify                  Tmut/Erth      0%         N/A       99%         4
 Freezing Cloud           Conj/Ice/Air   0%         6-21      100%        5
 Lee's Rapid Deconstruct  Erth           0%         3d4*      100%        5
 Eringya's Noxious Bog    Tmut/Pois      0%         N/A       100%        6
 Dragon Form              Tmut           0%         N/A       100%        7
 Lehudib's Crystal Spear  Conj/Erth      0%         10d2      100%        8


Dungeon Overview and Level Annotations

Branches:
Dungeon (10/15)            Temple (1/1) D:5            Lair (3/5) D:10
  Swamp (0/4) Lair:3        Snake (0/4) Lair:2          Orc (0/2) D:10

Altars:
Ashenzari
Cheibriados
Dithmenos
Elyvilon
Fedhas
Gozag
Hepliaklqana
Kikubaaqudgha
Makhleb
Nemelex Xobeh
Okawaru
Qazlal
Ru
Sif Muna
Trog
Uskayaw
Vehumet
Wu Jian
Xom
Yredelemnul
Zin
The Shining One

Shops:
D:1 [

Annotations:
D:6 1 runed translucent door, monsoonserge's ghost, novice DjFE
Lair:3 1 transporter, exclusion: oklob plant
Abyss:1 Sazxiawk's ghost, journeyman VSFi


Innate Abilities, Weirdness & Mutations

You are amphibious.
You cover ground slowly.
You can hop long distances.
You have an extended range of vision and can be seen from far away.
You have sharp toenails.
You are partially covered in large bone plates. (SH +4)
You possess an exceptional clarity of mind.
You are strong-willed. (Will+)


Message History

You see here a gold piece.
You slash the black mamba!
Space warps horribly around the black mamba!
The black mamba is severely wounded.
You block the black mamba's attack.
You hit the black mamba.
The black mamba is almost dead.
The black mamba completely misses you.
You hit the black mamba.
Space warps horribly around the black mamba!
You kill the black mamba!
Qazlal accepts your kill.
You now have 884 gold pieces (gained 18).
You now have 885 gold pieces (gained 1).
You enter the shallow water.
Found 8 gold pieces.
You now have 905 gold pieces (gained 20).
Really walk into a travel-excluded area? [Y]es or [N]o only, please.
Really walk into a travel-excluded area?
Okay, then.
Really walk into a travel-excluded area?
Hop to where?
Press: ? - help, Dir - move target Boing!
The oklob plant spits acid at you. The splash of acid hits you!!
The acid corrodes you! The oklob plant spits acid at you.
The splash of acid hits you!! The acid corrodes you!
You hit the oklob plant but do no damage.
You slash the oklob plant!
Space warps horribly around the oklob plant!!
The oklob plant is severely damaged.
The oklob plant spits acid at you. The splash of acid hits you!!
You hit the oklob plant but do no damage.
Space warps around the oklob plant.
The oklob plant is almost destroyed.
The oklob plant spits acid at you. The splash of acid hits you!!!
You die...

# #...# ##...## P#....... #.(
##### #P...P##............#.. ##
### ###...#...©.........##+ .#
###.# #...#..#####...... . .#
#...# #..†..##.©.## ... .# ##
...# #.†..##.###.##.. ... ##..#
#...##...$...## ..# #...#
###..##P.○..$~~8## ....#
####..###P..##§@#.###.#$.##...#
##.#.#......##.°..##[#.....##..##
#.#.........#.#.§.#...##..#.#...#
.........#..#.#.°#....)#~.#.#...#
§.§§§§......#$#..##...##..#.#.(##
.§~§§~..##..##....##.##.~..##..##
.§§§~~.####..##~~#.###.#~.##..###
.§♣§♣~..####..##8~....~..##...##.
..♣~♣....##....##...$~.~##.......


You could see an oklob plant.

Vanquished Creatures
  Gastronok (D:10)
  Harold (D:10)
  3 hydras
  A two-headed ogre (D:10)
  2 bog bodies (Lair:3)
  2 oklob plants
  A black mamba (Lair:3)
  3 elephants (Lair:3)
  6 cane toads
  A gargoyle (D:10)
  2 kobold demonologists (D:10)
  4 rime drakes
  4 komodo dragons
  An efreet (D:10)
  2 polar bears
  18 blink frogs
  3 trolls
  A hornet (D:10)
  Eustachio (D:4)
  2 wraiths
  A wyvern (Lair:2)
  51 yaks
  2 basilisks
  A steam dragon (Lair:1)
  Menkaure (D:7)
  2 acid dragons (D:10)
  8 water moccasins
  7 orc warriors
  2 ice beasts (D:5)
  6 black bears
  7 ogres (D:7)
  3 centaurs
  2 wolves (Lair:1)
  4 kobold brigands (D:7)
  2 phantoms
  4 gnoll sergeants
  7 bullfrogs
  4 scorpions
  12 wights
  10 howler monkeys
  3 gnoll boudas
  14 hounds
  2 jellies
  9 orc priests
  2 sleepcaps
  4 iguanas
  10 orc wizards
  Terence (D:3)
  A mummy (D:5)
  Robin (D:3)
  21 gnolls
  9 adders
  A shadow imp (D:7)
  3 ufetubi
  3 worms
  3 dart slugs
  47 orcs
  13 ball pythons
  8 endoplasms
  3 giant cockroaches
  14 goblins
  12 hobgoblins
  12 jackals
  14 kobolds
  6 quokkas
  5 bats
  5 frilled lizards
  A kobold zombie (D:5)
  3 orc zombies (D:5)
  5 rats
  A butterfly (Lair:2)
431 creatures vanquished.

Vanquished Creatures (others)
  A hornet (D:10)
1 creature vanquished.

Grand Total: 432 creatures vanquished

Notes
Turn   | Place    | Note
-------+----------+-------------------------------------------
     0 | D:1      | adizb the Barachi Monk began the quest for the Orb.
     0 | D:1      | Reached XP level 1. HP: 18/18 MP: 1/1
    92 | D:1      | Reached skill level 4 in Long Blades
   326 | D:1      | Reached XP level 2. HP: 25/25 MP: 2/2
   568 | D:1      | Found Ysoer's Armour Shop.
   742 | D:1      | Reached XP level 3. HP: 18/30 MP: 3/3
   962 | D:2      | Reached skill level 5 in Long Blades
   982 | D:2      | Reached XP level 4. HP: 22/38 MP: 4/4
  1429 | D:3      | Reached skill level 1 in Armour
  1609 | D:3      | Reached XP level 5. HP: 31/43 MP: 5/5
  1745 | D:3      | Noticed Robin
  1762 | D:3      | Killed Robin
  1773 | D:3      | Reached skill level 6 in Long Blades
  1818 | D:3      | Found a glowing silver altar of Zin.
  1952 | D:3      | Noticed Terence
  2199 | D:4      | Reached skill level 5 in Fighting
  2209 | D:4      | Found a shimmering altar of Xom.
  2802 | D:3      | Killed Terence
  2803 | D:3      | Reached XP level 6. HP: 43/51 MP: 6/6
  2925 | D:4      | Identified the +2 war axe "Faahaj Miuhu" {freeze, *Slow rN+
                  | Int+2 Dex+2}
  3048 | D:4      | Noticed Eustachio
  3067 | D:4      | Killed Eustachio
  3068 | D:4      | Reached skill level 7 in Long Blades
  3068 | D:4      | Reached XP level 7. HP: 57/57 MP: 7/7
  3211 | D:5      | Entered Level 5 of the Dungeon
  3451 | D:5      | Reached skill level 8 in Long Blades
  3497 | D:5      | Reached XP level 8. HP: 61/64 MP: 8/8
  3654 | D:5      | Found a shadowy altar of Dithmenos.
  3677 | D:5      | Reached skill level 5 in Dodging
  4129 | D:6      | Reached skill level 9 in Long Blades
  4129 | D:6      | Reached skill level 5 in Armour
  4129 | D:6      | Reached skill level 1 in Evocations
  4299 | D:5      | Found a staircase to the Ecumenical Temple.
  4336 | Temple   | Entered the Ecumenical Temple
  4441 | Temple   | Became a worshipper of Qazlal Stormbringer
  4441 | Temple   | Reached * piety under Qazlal
  4441 | Temple   | Reached ** piety under Qazlal
  4475 | D:6      | Found a runed translucent door.
  4476 | D:6      | Noticed monsoonserge's ghost (novice DjFE)
  4486 | D:6      | Reached XP level 9. HP: 72/72 MP: 9/9
  4498 | D:6      | Identified the +4 dagger of Jiosin {elec, *Noise rC+ Str+3
                  | Dex+4}
  4909 | D:6      | Found a snail-covered altar of Cheibriados.
  5108 | D:7      | Reached skill level 10 in Long Blades
  5150 | D:7      | Got Willworking, Part One
  5301 | D:7      | Noticed Menkaure
  5359 | D:7      | Reached skill level 1 in Shields
  5441 | D:7      | Reached *** piety under Qazlal
  5632 | D:7      | Reached XP level 10. HP: 42/80 MP: 10/10
  5711 | D:7      | Reached skill level 11 in Long Blades
  5775 | D:7      | Noticed a cyclops
  5799 | D:8      | Reached **** piety under Qazlal
  5896 | D:8      | Found a bloodstained altar of Trog.
  5926 | D:8      | Found a large runed translucent door.
  5927 | D:8      | Found a large runed translucent door.
  5941 | D:8      | Found a hazy altar of Hepliaklqana.
  5944 | D:8      | Found an ornate altar of the Wu Jian Council.
  6094 | D:8      | Found a burning altar of Makhleb.
  6366 | D:8      | Found an opulent altar of Gozag.
  6568 | D:7      | Banished a cyclops
  7057 | D:7      | Killed Menkaure
  7058 | D:7      | Reached skill level 5 in Evocations
  7158 | D:9      | Reached skill level 12 in Long Blades
  7284 | D:9      | Reached XP level 11. HP: 89/89 MP: 11/11
  7382 | D:9      | Noticed a two-headed ogre
  7391 | D:9      | Banished a two-headed ogre
  7631 | D:10     | Entered Level 10 of the Dungeon
  7707 | D:10     | Found a staircase to the Orcish Mines.
  7762 | D:10     | Found a staircase to the Lair.
  7791 | D:10     | Noticed Harold
  7800 | D:10     | Killed Harold
  7801 | D:10     | Reached skill level 13 in Long Blades
  7853 | D:10     | Noticed a sixfirhy
  7963 | D:10     | Noticed Gastronok
  7994 | D:10     | Killed Gastronok
  7995 | D:10     | Reached skill level 10 in Fighting
  8000 | D:10     | Reached ***** piety under Qazlal
  8042 | D:10     | Reached XP level 12. HP: 97/97 MP: 12/12
  8177 | D:10     | Noticed a two-headed ogre
  8192 | D:10     | Killed a two-headed ogre
  8208 | D:10     | Noticed a tengu warrior
  8221 | D:10     | Noticed a five-headed hydra
  8221 | D:10     | Noticed a two-headed ogre
  8247 | D:10     | Reached skill level 14 in Long Blades
  8251 | D:10     | Banished a two-headed ogre
  8261 | D:10     | Banished a tengu warrior
  8306 | D:10     | Killed a 12-headed hydra
  8344 | D:10     | Identified the +6 mace of War {elec, Will- Int+4}
  8761 | Lair:1   | Entered Level 1 of the Lair of Beasts
  8848 | Lair:1   | Reached skill level 10 in Armour
  8875 | Lair:1   | Reached skill level 15 in Long Blades
  9265 | Lair:1   | Gained mutation: You can hop long distances. [Barachi
                  | growth]
  9265 | Lair:1   | Reached XP level 13. HP: 106/106 MP: 13/13
  9345 | Lair:2   | Reached skill level 10 in Dodging
  9618 | Lair:2   | Reached skill level 16 in Long Blades
  9650 | Lair:2   | Found a staircase to the Snake Pit.
  9893 | Lair:2   | Got the Parchment of the Xenotype
 10164 | Lair:3   | Gained mutation: You are partially covered in iridescent
                  | scales. (AC +2) [potion of mutation]
 10164 | Lair:3   | Gained mutation: You have sharp toenails. [potion of
                  | mutation]
 10165 | Lair:3   | Lost mutation: You are partially covered in iridescent
                  | scales. (AC +2) [potion of mutation]
 10165 | Lair:3   | Lost mutation: You have sharp toenails. [potion of
                  | mutation]
 10165 | Lair:3   | Gained mutation: You have sharp toenails. [potion of
                  | mutation]
 10165 | Lair:3   | Gained mutation: You are strong-willed. (Will+) [potion of
                  | mutation]
 10165 | Lair:3   | Gained mutation: You are partially covered in large bone
                  | plates. (SH +4) [potion of mutation]
 10165 | Lair:3   | Gained mutation: You possess an exceptional clarity of
                  | mind. [potion of mutation]
 10281 | Lair:3   | Found a transporter.
 10286 | Lair:3   | Noticed Sazxiawk's ghost (journeyman VSFi)
 10316 | Lair:3   | Found a staircase to the Swamp.
 10586 | Lair:3   | Found a transporter.
 10613 | Lair:3   | Reached ****** piety under Qazlal
 10742 | Lair:3   | Banished Sazxiawk's ghost
 10789 | Lair:3   | Killed from afar by an oklob plant

Illustrated notes

Levels and vault maps discovered:
D:1:      dpeg_arrival_connections, layout_loops_corners, serial_shops,
          nicolae_shop_crystal
D:2:      layout_loops_ring
D:3:      layout_basic, zin_statuary, uniq_robin, uniq_terence
D:4:      minmay_octagon_keep, layout_basic, kennysheep_little_box,
          uniq_eustachio
D:5:      kb_forest_paths, layout_basic, lemuel_round_altar, temple_doors_cd,
          st_stairs_13, minmay_mini_ossuary
D:6:      layout_loops_cross, cheibriados_altar_1, ebering_ghost_reflecting_pool
D:7:      lemuel_castle_with_subvaults [lemuel_castle_interior_carwin_2],
          layout_basic, uniq_menkaure
D:8:      layout_basic, jmf_multi_god_temple2, mainiacjoe_overflow_paths,
          lemuel_doored_altar, grunt_gozag_statues, enter_bailey_8
D:9:      layout_rooms
D:10:     minmay_clustersquares, layout_layer_cave, lair_entry_dummy,
          hiddenorc1_lemuel, uniq_gastronok, uniq_harold
Temple:   compressed_dpeg_triangle_lava_temple
Lair:1:   layout_hall_layers, wad_woods_river_01
Lair:2:   layout_gridlike, dummy_snake_entry, serial_bayou_ford_a,
          grunt_megastairs_5, lemuel_fruit_fields
Lair:3:   layout_concentric_octagons, skrybe_swamp_entry_bodies,
          nzn_ghost_randoct, st_stairs_6, grunt_megastairs_3

Skill      XL: |  1  2  3  4  5  6  7  8  9 10 11 12 13 |
---------------+----------------------------------------+-----
Long Blades    | 4 5 6 7 8 9 10 12 13 15 16 | 16.7
Fighting       | 4 5 6 7 8 9 10 11 12 | 12.2
Armour         | 1 2 3 4 5 6 7 9 10 11 | 11.4
Dodging        | 4 5 6 7 8 9 10 | 10.9
Evocations     | 1 3 5 6 8 9 |  9.5
Shields        | 2 4 |  4.4

Action                     |  1- 3 |  4- 6 |  7- 9 | 10-12 | 13-15 || total
---------------------------+-------+-------+-------+-------+-------++-------
  Melee: Falchion          |    83 |   191 |       |       |       ||   274
         Long sword        |       |     3 |       |       |       ||     3
         Short sword       |       |    72 |       |       |       ||    72
         Double sword      |       |     6 |   173 |   383 |   203 ||   765
  Throw: Dart              |       |     4 |     6 |    18 |     2 ||    30
Ability: Hop               |       |     1 |     1 |     4 |     4 ||    10
  Evoke: Condenser vane    |       |       |     1 |       |       ||     1
    Use: Scroll            |     1 |     4 |     6 |     5 |     8 ||    24
         Potion            |       |       |       |     1 |     2 ||     3
 Armour: Robe              |     2 |       |       |       |       ||     2
         Ring mail         |    21 |   107 |    54 |    23 |       ||   205
         Troll leather arm |       |       |       |    44 |    56 ||   100
  Dodge: Dodged            |    43 |   162 |    80 |   176 |   108 ||   569
         Repelled          |       |       |       |     1 |     2 ||     3
  Block: Orb               |       |       |    22 |       |       ||    22
         Reflection        |       |       |     8 |     2 |     1 ||    11
         Buckler           |       |       |    57 |   290 |   174 ||   521
